Map: 2000 Atmospheres LE

Players

Clem - Winner!

  • Race: Terran Terran

SortOf

  • Race: Zerg Zerg

Event: DreamHack SC2 Masters 2021 Winter

VOD

Have the link to the VOD?

Description

Time

  • Played on: Oct. 6, 2021, 10:52 a.m.
  • Length: 13:02

All games in this series

Show
View Real Time Build Order
Export as new Build Order

Clem Terran - Winner!

Build Orders: Reaper Expand, Hellion Banshee 

Get SALT Encoding   

  12  0:00  SCV  
  13  0:12  SCV  
  14  0:17  Supply Depot  
  14  0:24  SCV  
  15  0:38  SCV  
  15  0:39  Barracks  
  16  0:43  Refinery  
  16  0:50  SCV  
  17  1:02  SCV  
  18  1:15  SCV  
  19  1:26  Reaper  
  19  1:27  Orbital Command  
  20  1:39  Command Center  
  20  1:46  Supply Depot  
  20  1:52  SCV  
  21  1:58  Marine  
  22  2:04  SCV  
  23  2:11  Factory  
  23  2:16  SCV  
  23  2:17  Refinery  
  23  2:21  Barracks Reactor  
  24  2:29  SCV  
  25  2:41  SCV  
  26  2:52  Orbital Command  
  26  2:53  SCV  
  26  2:57  Starport  
  27  3:04  Hellion  
  27  3:05  SCV, Hellion  
  32  3:09  Barracks Tech Lab  
  32  3:14  Supply Depot  
  32  3:17  SCV  
  32  3:19  SCV  
  34  3:26  Hellion x2  
  38  3:29  SCV  
  38  3:31  SCV  
  40  3:39  Banshee  
  40  3:40  Cloaking Field  
  43  3:41  SCV  
  43  3:42  Supply Depot  
  43  3:43  SCV  
  45  3:51  Hellion x2  
  45  3:53  Barracks Tech Lab, SCV  
  45  3:55  SCV  
  51  4:05  SCV  
  51  4:08  SCV  
  53  4:11  Command Center  
  53  4:15  Stimpack  
  53  4:17  SCV  
  53  4:20  SCV  
  53  4:23  Banshee, Factory Reactor  
  58  4:31  Barracks  
  58  4:32  Barracks  
  58  4:34  SCV  
  58  4:36  SCV  
  58  4:37  Marine  
  60  4:46  SCV, Supply Depot  
  60  4:48  SCV  
  60  4:52  Engineering Bay  
  62  4:53  Engineering Bay  
  62  5:06  SCV, Marine  
  62  5:07  SCV  
  55  5:18  SCV, Barracks  
  55  5:19  SCV  
  55  5:20  Barracks, Refinery x2  
  55  5:21  Terran Infantry Armor Level 1, Terran Infantry Weapons Level 1  
  55  5:22  Marine  
  55  5:23  Marine  
  55  5:26  Orbital Command, Starport Reactor  
  57  5:28  Marine  
  57  5:31  Marine x2  
  57  5:35  Siege Tank  
  63  5:37  SCV  
  63  5:39  Marine  
  63  5:41  Supply Depot  
  63  5:42  SCV  
  66  5:43  Marine  
  66  5:46  Marine  
  68  5:50  Orbital Command  
  68  5:54  SCV, Marine  
  68  5:55  Marine, Combat Shield  
  68  5:56  SCV  
  72  6:02  Marine  
  73  6:05  Medivac, Marine, Supply Depot  
  73  6:06  SCV  
  73  6:08  SCV, Supply Depot  
  73  6:10  Marine  
  79  6:11  Marine  
  79  6:12  Medivac, Marine  
  79  6:17  Marine  
  84  6:18  SCV  
  84  6:19  SCV  
  84  6:20  Supply Depot  
  84  6:21  Marine  
  84  6:24  Marine  
  88  6:26  Siege Tank  
  88  6:27  SCV  
  88  6:30  Barracks Reactor, SCV  
  88  6:31  Marine x2  
  88  6:32  Barracks Reactor  
  95  6:33  SCV  
  95  6:38  Supply Depot x2  
  95  6:39  SCV  
  97  6:41  Marine x2  
  97  6:43  Supply Depot  
  97  6:45  Marine  
  97  6:47  SCV x2  
  102  6:49  Marine  
  102  6:50  Armory  
  102  6:52  SCV  
  104  6:55  Refinery  
  104  6:56  Marine  
  104  6:59  SCV, Marine  
  107  7:01  Marine  
  107  7:03  Supply Depot  
  107  7:04  SCV, Marine  
  107  7:05  Siege Tank  
  113  7:09  Factory  
  113  7:13  Medivac  
  115  7:18  Marine x3  
  115  7:19  Marine  
  115  7:22  Command Center, Marine  
  119  7:26  Marine x2, Supply Depot  
  119  7:27  SCV x2  
  119  7:29  Marine x2  
  120  7:35  Marine  
  121  7:37  Bunker, Marine x2  
  121  7:38  Widow Mine, Marine  
  121  7:40  Bunker  
  121  7:41  Marine  
  127  7:44  Marine  
  127  7:45  Terran Infantry Weapons Level 2  
  127  7:50  Terran Infantry Armor Level 2  
  128  7:51  Marine x2  
  128  7:53  Marine x2  
  128  7:56  Factory Tech Lab  
  132  7:58  Marine  
  132  7:59  Marine  
  132  8:00  Supply Depot  
  132  8:02  Marine  
  132  8:05  Bunker, Marine x2  
  137  8:08  Siege Tank  
  137  8:09  Marine  
  141  8:16  Siege Tank  
  141  8:17  Marine  
  138  8:20  Marine x2  
  138  8:23  Marine  
  138  8:25  Marine x3  
  144  8:28  Medivac x2  
  144  8:32  Marine x2  
  144  8:33  SCV x3  
  152  8:34  Marine  
  152  8:38  Marine x2  
  152  8:39  Supply Depot  
  152  8:41  Marine  
  156  8:43  Supply Depot  
  156  8:45  Siege Tank, Marine x2  
  156  8:46  Marine  
  161  8:49  Marine  
  161  8:53  Marine  
  157  8:56  Siege Tank  
  157  8:58  Medivac  
  157  9:00  Marine x2  
  157  9:02  Medivac  
  164  9:04  Marine x3  
  164  9:07  Supply Depot  
  164  9:08  SCV  
  168  9:10  Marine x2  
  168  9:11  Marine x2  
  168  9:12  SCV  
  168  9:13  Terran Vehicle Weapons Level 1  
  173  9:18  Marine, Supply Depot  
  173  9:19  Marine  
  174  9:28  Medivac, Siege Tank  
  174  9:29  Marine x3  
  181  9:36  Marine  
  181  9:39  Medivac, Siege Tank  
  181  9:44  Marine x2  
  185  9:46  Marine  
  180  9:56  Marine x2  
  180  9:57  Marauder, Marine  
  180  9:58  Medivac, SCV  
  180  9:59  Marine  
  187  10:00  Siege Tank  
  187  10:05  Marine x3  
  183  10:07  Planetary Fortress  
  183  10:08  Marine  
  183  10:09  SCV x2  
  183  10:13  Marine  
  182  10:15  Marine x2  
  182  10:17  Marine  
  182  10:18  Siege Tank, Marine  
  182  10:19  Barracks  
  182  10:20  Barracks  
  182  10:21  Barracks  
  175  10:24  SCV, Marine x3  
  175  10:26  Marine  
  156  10:31  Marine  
  156  10:32  Marine  
  156  10:33  Siege Tank, Marine  
  159  10:37  Missile Turret  
  159  10:38  Marine  
  159  10:39  Missile Turret  
  159  10:42  Marine x2  
  158  10:44  Medivac  
  158  10:45  Marine  
  158  10:46  Marine  
  158  10:50  Siege Tank  
  158  10:51  Marine x2  
  158  10:52  Marine, Marauder  
  158  10:56  Medivac, Marine  
  167  11:00  Marine  
  169  11:04  SCV  
  169  11:05  SCV  
  169  11:06  Marine x3  
  169  11:07  Refinery  
  169  11:08  Marine x3  
  169  11:09  Marine x2  
  178  11:14  Marine x2  
  178  11:16  Concussive Shells  
  178  11:17  Marine  
  178  11:18  Marine  
  182  11:27  Missile Turret  
  182  11:28  Command Center  
  182  11:32  Siege Tank, Refinery  
  185  11:33  Barracks Tech Lab  
  185  11:34  Marine x2  
  185  11:36  Marine x2  
  185  11:37  Marine x2  
  191  11:40  Barracks Tech Lab x2  
  191  11:46  Ghost Academy  
  190  11:52  Marauder x2, Marine x2  
  190  11:53  Marine x2  
  190  11:54  Marine  
  198  11:56  Marine  
  197  12:06  Marauder, Marine  
  200  12:12  Marine  
  200  12:17  Command Center  
  200  12:20  Marauder  
  200  12:24  Marine  
  200  12:29  Siege Tank  
  170  12:30  Marine x2  
  170  12:32  Marauder  
  165  12:39  Marine x5  
  165  12:40  Marauder, Marine  
  165  12:41  Marine  
Show
View Real Time Build Order
Export as new Build Order

SortOf Zerg 

Build Orders: Hatch First 

Get SALT Encoding   

  12  0:00  Drone  
  13  0:12  Overlord  
  13  0:17  Drone  
  14  0:31  Drone x2  
  16  0:48  Hatchery  
  15  0:51  Drone  
  15  0:55  Drone  
  17  0:58  Drone  
  18  1:08  Extractor  
  17  1:13  Spawning Pool  
  17  1:18  Drone  
  17  1:20  Drone  
  18  1:28  Drone  
  19  1:39  Drone  
  20  1:50  Drone  
  21  2:00  Queen x2  
  26  2:01  Zergling x4  
  27  2:11  Overlord  
  27  2:14  Drone  
  28  2:21  Hatchery  
  27  2:23  Zergling x2  
  27  2:29  Drone  
  29  2:34  Spore Crawler  
  29  2:37  Drone  
  29  2:41  Queen  
  31  2:48  Overlord  
  32  2:53  Drone x2  
  32  2:56  Metabolic Boost  
  34  2:59  Overlord  
  34  3:02  Drone  
  35  3:13  Drone x3  
  35  3:15  Queen  
  35  3:19  Drone  
  42  3:20  Drone  
  42  3:26  Queen  
  44  3:32  Drone x2  
  46  3:34  Drone  
  46  3:35  Drone  
  46  3:38  Drone  
  49  3:45  Drone  
  49  3:47  Overlord  
  49  3:48  Drone x2  
  52  3:50  Queen  
  52  3:55  Drone x2  
  56  3:58  Drone  
  56  4:01  Drone  
  58  4:05  Drone x3  
  61  4:11  Baneling Nest  
  61  4:12  Drone x2  
  62  4:18  Overlord  
  62  4:19  Zergling x2  
  62  4:21  Queen  
  65  4:25  Spore Crawler  
  65  4:27  Spore Crawler  
  65  4:28  Spore Crawler  
  65  4:30  Spore Crawler, Drone x4  
  65  4:34  Drone  
  65  4:37  Zergling x8  
  70  4:40  Drone x2  
  70  4:45  Lair  
  72  4:47  Extractor x2  
  72  4:48  Drone x2  
  72  4:51  Drone x2  
  74  4:54  Overlord  
  73  5:02  Zergling x4  
  70  5:13  Evolution Chamber  
  67  5:14  Drone x10  
  67  5:20  Roach Warren  
  76  5:23  Drone  
  77  5:31  Extractor, Drone x3  
  77  5:33  Extractor x2, Evolution Chamber x2, Queen  
  77  5:36  Drone  
  77  5:40  Drone x2  
  78  5:43  Overseer  
  78  5:46  Overseer  
  78  5:48  Hatchery  
  77  5:50  Drone x3  
  80  5:57  Drone x2  
  80  6:01  Overlord  
  80  6:03  Overlord  
  82  6:06  Zerg Ground Armor Level 1, Zerg Missile Weapons Level 1, Glial Reconstitution  
  82  6:17  Overlord x2  
  82  6:22  Overlord  
  82  6:24  Drone x2  
  82  6:25  Zergling x18  
  93  6:33  Overlord  
  93  6:36  Overlord  
  93  6:37  Roach x4  
  93  6:38  Roach  
  103  6:43  Overlord  
  103  6:44  Roach  
  105  6:51  Overlord, Roach x4  
  113  6:56  Roach x3  
  113  6:58  Roach  
  121  7:02  Roach x2  
  125  7:13  Roach x6  
  133  7:17  Roach x2  
  133  7:21  Overlord  
  134  7:23  Roach x4  
  134  7:27  Roach  
  139  7:32  Roach x4  
  139  7:36  Roach x2  
  151  7:37  Overlord  
  151  7:41  Overlord  
  151  7:43  Ravager x7  
  158  7:46  Roach  
  158  7:49  Overlord  
  160  7:59  Roach x4  
  160  8:05  Roach x4  
  176  8:17  Roach x6  
  168  8:28  Roach x6  
  168  8:32  Zerg Ground Armor Level 2  
  178  8:37  Zerg Missile Weapons Level 2  
  178  8:39  Overlord, Roach x3  
  184  8:46  Extractor  
  171  8:48  Drone x7  
  171  8:49  Drone  
  171  8:50  Extractor  
  176  8:59  Roach x5  
  176  9:00  Overlord  
  182  9:05  Infestation Pit  
  182  9:08  Burrow, Tunneling Claws  
  181  9:10  Queen  
  181  9:15  Overlord  
  183  9:19  Overlord  
  183  9:22  Drone x4  
  183  9:23  Drone x2  
  189  9:26  Roach x2  
  189  9:27  Overlord  
  191  9:35  Roach x4  
  191  9:36  Ravager  
  198  9:51  Roach x9  
  197  9:56  Roach x3  
  184  10:05  Roach x8  
  184  10:06  Roach x2  
  171  10:15  Roach  
  171  10:18  Roach x4  
  156  10:21  Drone x2  
  156  10:22  Drone x3  
  156  10:26  Roach  
  156  10:27  Drone  
  129  10:29  Drone  
  129  10:31  Overseer  
  129  10:34  Roach x2  
  134  10:38  Drone  
  134  10:41  Drone  
  133  10:46  Roach  
  133  10:48  Roach  
  123  10:54  Hive  
  123  10:56  Roach x4  
  131  10:57  Hydralisk Den  
  131  11:01  Ravager x4  
  131  11:04  Drone x3  
  137  11:09  Roach  
  139  11:12  Extractor  
  139  11:15  Drone x2  
  139  11:16  Roach x2  
  144  11:21  Overseer  
  144  11:23  Roach x2  
  144  11:24  Queen  
  150  11:30  Roach x2  
  154  11:35  Muscular Augments  
  154  11:36  Roach x8  
  154  11:37  Lurker Den  
  169  11:47  Roach x4  
  177  11:56  Overlord  
  177  11:57  Roach x3  
  183  12:04  Hatchery, Roach x13  
  188  12:14  Roach x5  
  194  12:20  Hydralisk x3  
  194  12:29  Roach x4  
  156  12:39  Roach x2  
  156  12:40  Hatchery  

Tags
 
Add a new tag
Caveats
  • Supply blocks, unpowered buildings, or Contaminate may cause inaccurate times.
  • Supply counts are checked every 10 seconds.